NWL (28 & UNDER)
MOOSE JAW GHOSTBUSTERS @ MENLO MANIACS
05/08/2028
 
TOP OF THE 1ST
Moose Jaw Ghostbusters batting - Pitching for Menlo Maniacs : RHP Michael Díaz
Pitching: RHP Michael Díaz
Batting: LHB David Adams 0-0: Ground out 1-3 (Groundball, 13S)
Batting: LHB Jon Scott 0-0: Ball
1-0: Called Strike
1-1: Ball
2-1: Ball
3-1: Base on Balls
Batting: RHB Ron Elazar 0-0: Swinging Strike
0-1: Ball
1-1: Fielders Choice at 2nd, 1-6 (Groundball, 13)
Batting: LHB Raúl Casillán 0-0: Called Strike
0-1: Ball
1-1: Fielders Choice at 2nd, 4-6 (Groundball, 34)
Top of the 1st over - 0 run(s), 0 hit(s), 0 error(s), 0 left on base; Moose Jaw 0 - Menlo 0
BOTTOM OF THE 1ST
Menlo Maniacs batting - Pitching for Moose Jaw Ghostbusters : RHP Bennett Greer
Pitching: RHP Bennett Greer
Batting: RHB Clinton Barton 0-0: SINGLE (Line Drive, 78S)
Batting: RHB Jason Blair 0-0: Fly out, F9 (Flyball, 9S)
Batting: LHB Tim Ramsey 0-0: Ball
1-0: Ball
2-0: Fly out, F8 (Line Drive, 8LM)
Batting: LHB José Peralta 0-0: Ball
1-0: SINGLE (Line Drive, 56)
Clinton Barton to second
Batting: RHB Héctor Vázquez 0-0: Ball
1-0: Foul Ball, location: 2F
1-1: Fly out, F9 (Flyball, 9LMF)
Bottom of the 1st over - 0 run(s), 2 hit(s), 0 error(s), 2 left on base; Moose Jaw 0 - Menlo 0
TOP OF THE 2ND
Moose Jaw Ghostbusters batting - Pitching for Menlo Maniacs : RHP Michael Díaz
Batting: LHB Will Vale 0-0: Ball
1-0: Called Strike
1-1: Ball
2-1: Ball
3-1: SINGLE (Groundball, 4MD)
Batting: SHB Rafael Acosta 0-0: Ball
Wild Pitch!
Will Vale to second
1-0: Called Strike
1-1: Ball
2-1: Foul Ball, location: 2F
2-2: Ground out 1-3 (Groundball, P)
Will Vale to third
Batting: RHB Billy Mullins 0-0: Ball
1-0: 2-RUN HOME RUN (Flyball, 7D), Distance : 385 ft
Batting: RHB Henry Barker 0-0: SINGLE (Line Drive, 78S)
Batting: RHB Nicholas Harris 0-0: Ball
1-0: Ball
2-0: Foul Ball, location: 2F
2-1: Swinging Strike
2-2: SINGLE (Groundball, 56D)
Henry Barker to second
Batting: LHB David Adams 0-0: Fly out, F9 (Flyball, 89M)
Batting: LHB Jon Scott 0-0: Fly out, F7 (Flyball, 7)
Top of the 2nd over - 2 run(s), 4 hit(s), 0 error(s), 2 left on base; Moose Jaw 2 - Menlo 0
BOTTOM OF THE 2ND
Menlo Maniacs batting - Pitching for Moose Jaw Ghostbusters : RHP Bennett Greer
Batting: LHB Bernardo Rodríguez 0-0: Called Strike
0-1: Ball
1-1: Foul Ball, location: 2F
1-2: Foul Ball, location: 2F
1-2: DOUBLE (Flyball, 8LXD)
Batting: RHB Miguel González 0-0: Ball
1-0: Ball
2-0: 2-RUN HOME RUN (Flyball, 7D), Distance : 376 ft
Batting: RHB Gilberto León 0-0: Foul Ball, location: 2F
0-1: Ball
1-1: Foul Ball, location: 2F
1-2: Foul Ball, location: 2F
1-2: Ball
2-2: Strikes out looking
Batting: RHB Kyle Mann 0-0: Ball
1-0: Ball
2-0: Called Strike
2-1: Foul Ball, location: 2F
2-2: Ball
3-2: Strikes out looking
Batting: RHB Clinton Barton 0-0: Ball
1-0: Swinging Strike
1-1: Swinging Strike
1-2: SINGLE (Groundball, 5) (infield hit)
Batting: RHB Jason Blair 0-0: Ball
1-0: Ball
2-0: Ball
3-0: Called Strike
3-1: Base on Balls
Clinton Barton to second
Batting: LHB Tim Ramsey 0-0: Ball
1-0: Ball
2-0: Ball
3-0: Base on Balls
Clinton Barton to third
Jason Blair to second
Batting: LHB José Peralta 0-0: Ball
1-0: Ball
2-0: Called Strike
2-1: Foul Ball, location: 2F
2-2: Ground out 1-3 (Groundball, 13S)
Bottom of the 2nd over - 2 run(s), 3 hit(s), 0 error(s), 3 left on base; Moose Jaw 2 - Menlo 2
TOP OF THE 3RD
Moose Jaw Ghostbusters batting - Pitching for Menlo Maniacs : RHP Michael Díaz
Batting: RHB Ron Elazar 0-0: Ball
1-0: Foul Ball, location: 2F
1-1: Foul Ball, location: 2F
1-2: Ball
2-2: Ball
3-2: Fly out, F3 (Popup, 3L)
Batting: LHB Raúl Casillán 0-0: Ball
1-0: Ball
2-0: Foul Ball, location: 2F
2-1: Ball
3-1: Foul Ball, location: 2F
3-2: Foul Ball, location: 2F
3-2: Ground out U3 (Groundball, 3L)
Batting: LHB Will Vale 0-0: Ball
1-0: Swinging Strike
1-1: Ball
2-1: Ball
3-1: Base on Balls
Batting: SHB Rafael Acosta 0-0: Called Strike
0-1: SINGLE (Groundball, 4MD)
Will Vale to second
Runner from 2nd tries for 3rd, SAFE, no throw
Batting: RHB Billy Mullins 0-0: Foul Ball, location: 2F
0-1: Ball
1-1: Swinging Strike
1-2: Foul Ball, location: 2F
1-2: Strikes out looking
Top of the 3rd over - 0 run(s), 1 hit(s), 0 error(s), 2 left on base; Moose Jaw 2 - Menlo 2
BOTTOM OF THE 3RD
Menlo Maniacs batting - Pitching for Moose Jaw Ghostbusters : RHP Bennett Greer
Batting: RHB Héctor Vázquez 0-0: Ball
1-0: Ball
2-0: Ball
3-0: Called Strike
3-1: Base on Balls
Batting: LHB Bernardo Rodríguez 0-0: Swinging Strike
0-1: SINGLE (Line Drive, 9LS)
Héctor Vázquez to second
Runner from 2nd tries for 3rd, OUT!
Bernardo Rodríguez to second
Batting: RHB Miguel González 0-0: Called Strike
0-1: Called Strike
0-2: Ball
1-2: Foul Ball, location: 2F
1-2: Ground out 6-3 (Groundball, 6)
Bernardo Rodríguez to third
Batting: RHB Gilberto León 0-0: Called Strike
0-1: Ball
1-1: Called Strike
1-2: Reached on error, E5 (Groundball, 56)
Bernardo Rodríguez scores
Batting: RHB Kyle Mann Pickoff Throw to First - Out!
Bottom of the 3rd over - 1 run(s), 1 hit(s), 1 error(s), 0 left on base; Moose Jaw 2 - Menlo 3
TOP OF THE 4TH
Moose Jaw Ghostbusters batting - Pitching for Menlo Maniacs : RHP Michael Díaz
Batting: RHB Henry Barker 0-0: Ball
1-0: Foul Ball, location: 2F
1-1: Called Strike
1-2: SINGLE (Groundball, 4D)
Batting: RHB Nicholas Harris 0-0: Called Strike
0-1: Called Strike
0-2: Fielders Choice at 2nd, 6-4 (Groundball, 6)
Batting: LHB David Adams 0-0: Ball
Nicholas Harris is caught stealing 2nd base
1-0: Ball
2-0: Fly out, F8 (Flyball, 89D)
Top of the 4th over - 0 run(s), 1 hit(s), 0 error(s), 0 left on base; Moose Jaw 2 - Menlo 3
BOTTOM OF THE 4TH
Menlo Maniacs batting - Pitching for Moose Jaw Ghostbusters : RHP Bennett Greer
Batting: RHB Kyle Mann 0-0: Ball
1-0: Called Strike
1-1: Ball
2-1: Called Strike
2-2: Ground out 6-3 (Groundball, 6S)
Batting: RHB Clinton Barton 0-0: Foul Ball, location: 2F
0-1: Swinging Strike
0-2: Ball
1-2: Foul Ball, location: 2F
1-2: Strikes out looking
Batting: RHB Jason Blair 0-0: Ball
1-0: Ball
2-0: Reached on error, E3 (Groundball, 34)
Batting: LHB Tim Ramsey 0-0: Called Strike
0-1: Ball
1-1: Ball
2-1: Ball
3-1: Swinging Strike
3-2: SINGLE (Groundball, 34D)
Jason Blair to second
Jason Blair to third
Batting: LHB José Peralta 0-0: Ball
1-0: Fielders Choice at 2nd, 4-6 (Groundball, 4)
Bottom of the 4th over - 0 run(s), 1 hit(s), 1 error(s), 1 left on base; Moose Jaw 2 - Menlo 3
TOP OF THE 5TH
Moose Jaw Ghostbusters batting - Pitching for Menlo Maniacs : RHP Michael Díaz
Batting: LHB Jon Scott 0-0: Ball
1-0: Called Strike
1-1: Fly out, F6 (Popup, 6MD)
Batting: RHB Ron Elazar 0-0: Ball
1-0: Ball
2-0: Ball
3-0: Base on Balls
Batting: LHB Raúl Casillán 0-0: Ball
1-0: Called Strike
1-1: SINGLE (Groundball, 34) (infield hit)
Ron Elazar to second
Batting: LHB Will Vale 0-0: Called Strike
Ron Elazar is caught stealing 3rd base
Raúl Casillán to second
0-1: Ball
1-1: Foul Ball, location: 2F
1-2: Ball
2-2: Foul Ball, location: 2F
2-2: Foul Ball, location: 2F
2-2: Ball
3-2: Base on Balls
Batting: SHB Rafael Acosta 0-0: Ball
1-0: Foul Ball, location: 2F
1-1: Swinging Strike
1-2: Ball
2-2: Ball
3-2: Base on Balls
Raúl Casillán to third
Will Vale to second
Batting: RHB Billy Mullins 0-0: Foul Ball, location: 2F
0-1: Ball
1-1: Ball
2-1: Swinging Strike
2-2: Foul Ball, location: 2F
2-2: Foul Ball, location: 2F
2-2: Foul Ball, location: 2F
2-2: Ball
3-2: Fly out, F9 (Flyball, 9LM)
Top of the 5th over - 0 run(s), 1 hit(s), 0 error(s), 3 left on base; Moose Jaw 2 - Menlo 3
BOTTOM OF THE 5TH
Menlo Maniacs batting - Pitching for Moose Jaw Ghostbusters : RHP Bennett Greer
Batting: RHB Héctor Vázquez 0-0: Ball
1-0: Foul Ball, location: 2F
1-1: Ball
2-1: Ball
3-1: Ground out 5-3 (Groundball, 5S)
Batting: LHB Bernardo Rodríguez 0-0: Ball
1-0: Foul Ball, location: 2F
1-1: Called Strike
1-2: DOUBLE (Line Drive, 7LM)
Batting: RHB Miguel González 0-0: DOUBLE (Flyball, 78D)
Bernardo Rodríguez scores
Batting: RHB Gilberto León 0-0: Intentional Walk
Pitching: RHP Pancho Hernández
Batting: RHB Kyle Mann 0-0: Ball
1-0: Ball
2-0: Ball
3-0: Called Strike
3-1: Grounds into double play, 1-6-3 (Groundball, 13S)
Bottom of the 5th over - 1 run(s), 2 hit(s), 0 error(s), 1 left on base; Moose Jaw 2 - Menlo 4
TOP OF THE 6TH
Moose Jaw Ghostbusters batting - Pitching for Menlo Maniacs : RHP Michael Díaz
Pitching: RHP José Ramírez
Batting: RHB Henry Barker 0-0: Ball
1-0: Ball
2-0: Ball
3-0: Called Strike
3-1: Base on Balls
Batting: RHB Nicholas Harris 0-0: Swinging Strike
0-1: Called Strike
0-2: Ball
1-2: Strikes out swinging
Batting: LHB David Adams 0-0: Ball
1-0: Ball
2-0: Called Strike
2-1: Ball
3-1: Foul Ball, location: 2F
3-2: Base on Balls
Henry Barker to second
Batting: LHB Jon Scott 0-0: Fly out, F6 (Line Drive, 6)
Batting: RHB Ron Elazar 0-0: Swinging Strike
0-1: Foul Ball, location: 2F
0-2: Ball
1-2: Strikes out swinging
Top of the 6th over - 0 run(s), 0 hit(s), 0 error(s), 2 left on base; Moose Jaw 2 - Menlo 4
BOTTOM OF THE 6TH
Menlo Maniacs batting - Pitching for Moose Jaw Ghostbusters : RHP Pancho Hernández
Batting: RHB Clinton Barton 0-0: Ball
1-0: Swinging Strike
1-1: Called Strike
1-2: Fly out, F8 (Flyball, 8LS)
Batting: RHB Jason Blair 0-0: Ground out 5-3 (Groundball, 5S)
Batting: LHB Tim Ramsey 0-0: Ground out 1-3 (Groundball, P)
Bottom of the 6th over - 0 run(s), 0 hit(s), 0 error(s), 0 left on base; Moose Jaw 2 - Menlo 4
TOP OF THE 7TH
Moose Jaw Ghostbusters batting - Pitching for Menlo Maniacs : RHP José Ramírez
Batting: LHB Raúl Casillán 0-0: Swinging Strike
0-1: Swinging Strike
0-2: Strikes out swinging
Batting: LHB Will Vale 0-0: Ball
1-0: Reached on error, E6 (Popup, 6)
Batting: SHB Rafael Acosta 0-0: Ball
1-0: Called Strike
1-1: Grounds into double play, 4-6-3 (Groundball, 4)
Top of the 7th over - 0 run(s), 0 hit(s), 1 error(s), 0 left on base; Moose Jaw 2 - Menlo 4
BOTTOM OF THE 7TH
Menlo Maniacs batting - Pitching for Moose Jaw Ghostbusters : RHP Pancho Hernández
Batting: LHB José Peralta 0-0: Swinging Strike
0-1: Ball
1-1: Fly out, F9 (Flyball, 9D)
Batting: RHB Héctor Vázquez 0-0: Foul Ball, location: 2F
0-1: Swinging Strike
0-2: Foul Ball, location: 2F
0-2: Fly out, F7 (Flyball, 7S)
Batting: LHB Bernardo Rodríguez 0-0: Ball
1-0: Fly out, F7 (Flyball, 78M)
Bottom of the 7th over - 0 run(s), 0 hit(s), 0 error(s), 0 left on base; Moose Jaw 2 - Menlo 4
TOP OF THE 8TH
Moose Jaw Ghostbusters batting - Pitching for Menlo Maniacs : RHP José Ramírez
Batting: RHB Billy Mullins 0-0: Foul Ball, location: 2F
0-1: Ball
1-1: Ball
2-1: Ball
3-1: Called Strike
3-2: Foul Ball, location: 2F
3-2: Base on Balls
Pitching: LHP Joe Jenkins
Batting: RHB Henry Barker 0-0: Ball
1-0: Ball
2-0: Called Strike
2-1: Grounds into double play, 4-6-3 (Groundball, 4)
Batting: RHB Nicholas Harris 0-0: Ball
1-0: Ground out 4-3 (Groundball, 4M)
Top of the 8th over - 0 run(s), 0 hit(s), 0 error(s), 0 left on base; Moose Jaw 2 - Menlo 4
BOTTOM OF THE 8TH
Menlo Maniacs batting - Pitching for Moose Jaw Ghostbusters : RHP Pancho Hernández
Batting: RHB Miguel González 0-0: Ball
1-0: Ball
2-0: Foul Ball, location: 2F
2-1: Foul Ball, location: 2F
2-2: Foul Ball, location: 2F
2-2: Fly out, F9 (Flyball, 9S)
Pitching: LHP Javier Galeas
Batting: RHB Gilberto León 0-0: Called Strike
0-1: SINGLE (Line Drive, 34)
Batting: RHB Kyle Mann 0-0: Ball
1-0: Called Strike
1-1: Ball
2-1: Ground out 5-3 (Groundball, 5S)
Gilberto León to second
Batting: RHB Clinton Barton 0-0: Ball
1-0: Called Strike
1-1: Reached on error, E3 (Groundball, 34)
Gilberto León to third
Batting: RHB Jason Blair 0-0: SINGLE (Line Drive, 56D)
Gilberto León scores
Clinton Barton to second
Batting: LHB Tim Ramsey 0-0: Ball
1-0: Ball
2-0: Foul Ball, location: 2F
2-1: SINGLE (Groundball, 4MD)
Clinton Barton to third
Jason Blair to second
Runner from 3rd tries for Home, SAFE, no throw
Batting: LHB José Peralta 0-0: Called Strike
0-1: Foul Ball, location: 2F
0-2: Foul Ball, location: 2F
0-2: Ball
Wild Pitch!
Jason Blair to third
Tim Ramsey to second
1-2: TRIPLE (Line Drive, 9D)
Jason Blair scores
Tim Ramsey scores
Pitching: RHP José Orozco
Batting: RHB Héctor Vázquez 0-0: Ball
1-0: Called Strike
1-1: Called Strike
1-2: Strikes out swinging
Bottom of the 8th over - 4 run(s), 4 hit(s), 1 error(s), 1 left on base; Moose Jaw 2 - Menlo 8
TOP OF THE 9TH
Moose Jaw Ghostbusters batting - Pitching for Menlo Maniacs : LHP Joe Jenkins
Now at 1B: Robby Lawson
Now in LF: Byron Bracy
Now in CF: Ryan Holcomb
Batting: LHB David Adams 0-0: SINGLE (Groundball, 34D)
Batting: LHB Jon Scott 0-0: Ball
1-0: Foul Ball, location: 2F
1-1: Ball
2-1: Ball
3-1: Foul Ball, location: 2F
3-2: Fly out, F8 (Flyball, 8LS)
Batting: RHB Ron Elazar 0-0: Fielders Choice at 2nd, 4-6 (Groundball, 4)
Batting: LHB Raúl Casillán 0-0: Ball
1-0: Ball
2-0: Ball
3-0: Called Strike
3-1: Base on Balls
Ron Elazar to second
Batting: LHB Will Vale 0-0: Called Strike
0-1: Ball
1-1: Swinging Strike
1-2: Ball
2-2: Ball
3-2: Ground out 1-3 (Groundball, 15S)
Top of the 9th over - 0 run(s), 1 hit(s), 0 error(s), 2 left on base; Moose Jaw 2 - Menlo 8
Tuesday, August 8th, 2017 - OOTP Baseball 17.12 Build 75